 Dungeon Crawl Stone Soup version 0.30-a0-365-ge7f957f1db (webtiles) character file.

Game seed: 5417706778080579818

29 jfcaron the Chopper (level 3, 0/30 HPs)
             Began as a Meteoran Reaver on Nov 17, 2022.
             Slain by an adder (2 damage)
             ... on level 2 of the Dungeon.
             The game lasted 00:04:04 (353 turns).

jfcaron the Chopper (Meteoran Reaver)                Turns: 353, Time: 00:04:05

Health: 0/30       AC:  3    Str: 15    XL:     3   Next: 52%
Magic:  8/8        EV: 12    Int: 15    God:
Gold:   31         SH:  0    Dex: 12    Spells: 6/7 levels left

rFire   . . .      SeeInvis .    a - +0 hand axe
rCold   . . .      Faith    .    (no shield)
rNeg    . . .      Spirit   .    b - +0 leather armour
rPois   .          Reflect  .    (no helmet)
rElec   .          Harm     .    (no cloak)
rCorr   .          Rampage  .    (no gloves)
Will    .....                    (no boots)
Stlth   +.........               (no amulet)
HPRegen 0.25/turn                (no ring)
MPRegen 0.11/turn                (no ring)

@: lethally poisoned (0 -> -3), flying, glowing
A: sense surroundings 1, otherworldly, glowing, explore regen
a: no special abilities


You were on level 2 of the Dungeon.
You visited 1 branch of the dungeon, and saw 2 of its levels.

You collected 31 gold pieces.

Inventory:

Hand Weapons
 a - a +0 hand axe (weapon)
Armour
 b - a +0 leather armour (worn)
Potions
 f - a potion of degeneration {unknown}


   Skills:
 + Level 2.7 Fighting
 + Level 4.0 Axes
 + Level 1.4 Armour
 - Level 3.0 Dodging
 - Level 2.6 Spellcasting
 - Level 3.6 Conjurations


You had 6 spell levels left.
You knew the following spells:

 Your Spells              Type           Power      Damage    Failure   Level
a - Kiss of Death         Conj/Necr      28%        2d7       12%         1

Your spell library contained the following spells:

 Spells                   Type           Power      Damage    Failure   Level
 Momentum Strike          Conj/Tloc      14%        3d8       19%         2
 Hailstorm                Conj/Ice       7%         3d4       36%         3


Dungeon Overview and Level Annotations

Branches:
Dungeon (2/15) Zot: 839

Altars:


Innate Abilities, Weirdness & Mutations

You passively map a small area around you.
You are easily found by Zot.
You glow in the dark.
You regain HP and MP as you explore.


Message History

You feel sick. The adder bites you but does no damage. The adder bites you.
You are more poisoned.
The adder poisons you!
You barely miss the adder.
The adder is lightly wounded.
You feel sick. The adder closely misses you.
You hit the adder.
The adder is moderately wounded.
You feel sick. The adder closely misses you.
The adder bites you but does no damage.
You closely miss the adder.
The adder is moderately wounded.
You feel sick. The adder bites you but does no damage.
You miss the adder.
The adder is moderately wounded.
You feel sick. The adder completely misses you. The adder bites you.
* * * LOW HITPOINT WARNING * * *
You closely miss the adder.
The adder is moderately wounded.
You feel sick. The adder bites you but does no damage.
You feel sick.
You see here a fuming puce potion.
It was a potion of flight.
You feel very buoyant.
You fly up into the air.
You feel sick.
You are no longer poisoned.
The adder completely misses you. The adder bites you.
* * * LOW HITPOINT WARNING * * *
The adder attacks as you move away! The adder closely misses you.
Found a leather armour.
The adder bites you.
* * * LOW HITPOINT WARNING * * *
You are lethally poisoned!
The adder poisons you!
An endoplasm comes into view.
You feel sick.
The endoplasm quivers.
The adder bites you.
* * * LOW HITPOINT WARNING * * *
The adder attacks as you move away! The adder bites you.
You die...

###........+ *
#.'........# .# , ,
*#.#....###+### .#
*#<'.†........# .####
* ,
,#<#..........##....#
* * ,
#.####.......+..... ,
, +.#
#.......#J..###., ###
#......S#....... , *
#.###...@.....# ###
##.####...[. ** #.#
+#.* ### * , , ,


You could see an adder and an endoplasm.

Vanquished Creatures
  An adder (D:2)
  A dart slug (D:1)
  A bat (D:1)
  2 endoplasms (D:1)
  A giant cockroach (D:2)
  A goblin (D:2)
  3 hobgoblins (D:1)
  A quokka (D:1)
  A ball python (D:1)
  4 frilled lizards
  A rat (D:2)
17 creatures vanquished.

Notes
Turn   | Place    | Note
-------+----------+-------------------------------------------
     0 | D:1      | jfcaron the Meteoran Reaver began the quest for the Orb.
     0 | D:1      | Reached XP level 1. HP: 17/17 MP: 5/5
    51 | D:1      | Reached XP level 2. HP: 25/25 MP: 6/6
    82 | D:1      | HP: 4/25 [endoplasm (3)]
   152 | D:1      | Reached skill level 1 in Armour
   319 | D:2      | HP: 5/25 [poisoned by an adder]
   320 | D:2      | Reached skill level 4 in Axes
   320 | D:2      | Reached XP level 3. HP: 6/30 MP: 8/8
   345 | D:2      | HP: 5/30 [adder (2)]
   348 | D:2      | HP: 1/30 [adder (2)]
   353 | D:2      | Slain by an adder

Illustrated notes

Levels and vault maps discovered:
D:1:      dpeg_arrival_simpleton_a, layout_basic
D:2:      layout_basic

Skill      XL: |  1  2 |
---------------+-------+-----
Armour         | 1 |  1.4
Axes           | 4 |  4.0
Dodging        | 3 |  3.0
Fighting       | |  2.7
Spellcasting   | |  2.6
Conjurations   | |  3.6

Action                   || total
-------------------------++-------
Melee: Hand axe          ||    74
  Use: Scroll            ||     2
       Potion            ||     2
Armor: Leather armour    ||    21
Dodge: Dodged            ||    48

Table legend: (Time is in decaauts)
 A = Elapsed time spent in this place.
 B = Non-inter-level travel time spent in this place.
 C = Inter-level travel time spent in this place.
 D = Time resting spent in this place.
 E = Time spent auto-exploring this place.
 F = Levels seen in this place.
 G = Mean time per level.
                   A        B        C        D        E       F      G
               +--------+--------+--------+--------+--------+-----+--------+
         Total |    360 |    360 |      0 |      0 |    184 |   2 |  180.0 |
       Dungeon |    360 |    360 |      0 |      0 |    184 |   2 |  180.0 |
               +--------+--------+--------+--------+--------+-----+--------+

Top non-repeatable levels by time:
     D:1: 296 daAuts
     D:2: 64 daAuts
